 Dungeon Crawl Stone Soup version 0.31-a0-496-g6f97920a28 (webtiles) character file.

Game seed: 1511766472770496005

333 CraigForest the Ruffian (level 6, 0/55 HPs)
             Began as a Troll Shapeshifter on Aug 9, 2023.
             Slain by Duvessa
             ... wielding a +0 rapier
              (8 damage)
             ... on level 4 of the Dungeon.
             The game lasted 00:10:12 (2444 turns).

CraigForest the Ruffian (Troll Shapeshifter)        Turns: 2444, Time: 00:10:12

Health: 0/55       AC:  4    Str: 26    XL:     6   Next: 27%
Magic:  5/5        EV: 10    Int:  4    God:
Gold:   125        SH:  0    Dex: 10    Spells: 5/5 levels left

rFire   + .          .
                       - Unarmed
rCold   . . .        (no shield)
rNeg    . . .        h - +0 robe
rPois   .            (helmet currently unavailable)
rElec   .            (cloak currently unavailable)
rCorr   .            (gloves unavailable)
SInv    .            (boots unavailable)
Will    .....        (no amulet)
Stlth   +            j - ring of protection from fire
HPRegen 1.09/turn    (no ring)
MPRegen 0.09/turn

%: no passive effects
@: beast-form
A: beast (slay +2), large, unfitting armour, claws 3, regeneration 1, shaggy fur
1, tough skin 1
a: Begin Untransformation


You were on level 4 of the Dungeon.
You were a hulking beast.
You visited 1 branch of the dungeon, and saw 4 of its levels.

You collected 125 gold pieces.

Inventory:

Armour
 h - a +0 robe (worn)
 r - a +1 pair of boots
 t - a +0 helmet
Jewellery
 j - a ring of protection from fire (left claw)
 p - an amulet of faith
 y - a ring of fire
Talismans
 c - a beast talisman (active)
 d - a flux talisman
Wands
 w - a wand of flame (15)
Scrolls
 e - 2 scrolls of noise {unknown}
 i - a scroll of silence {unknown}
 k - 3 scrolls of teleportation {unknown}
 n - a scroll of acquirement {unknown}
 s - a scroll of torment {unknown}
 u - a scroll of summoning {unknown}
 v - a scroll of identify {unknown}
Potions
 a - a potion of magic {unknown}
 b - a potion of lignification
 f - 2 potions of haste {unknown}
 g - a potion of curing
 l - 2 potions of ambrosia {unknown}
 m - a potion of cancellation {unknown}
 o - a potion of enlightenment {unknown}
 q - a potion of berserk rage {unknown}
 x - a potion of attraction {unknown}


   Skills:
 + Level 1.2 Fighting
 + Level 2.2 Dodging
 + Level 5.7 Unarmed Combat
 + Level 4.0 Shapeshifting


You had 5 spell levels left.
You didn't know any spells.
Your spell library was empty.

Dungeon Overview and Level Annotations

Branches:
Dungeon (4/15)
 Temple: D:4-7

Altars:
Kikubaaqudgha
Ru
Zin

Annotations:
D:4 Dowan, Duvessa


Innate Abilities, Weirdness & Mutations

You are a hulking beast.
Your limbs bulge with bestial killing power. (Slay +2)
You are too large for most types of armour.
You have claws for hands.
Your natural rate of healing is unusually fast.
You are covered in fur. (AC +1)
You have tough skin. (AC +1)


Message History

There is an open door here.
You scratch Duvessa.
Duvessa is lightly wounded.
Duvessa hits you with a +0 rapier. Dowan hits you with a +0 dagger.
You scratch Duvessa.
Duvessa is moderately wounded.
Duvessa hits you with a +0 rapier. Dowan barely misses you.
You barely miss Duvessa.
Duvessa is moderately wounded.
Duvessa hits you with a +0 rapier! Dowan closely misses you.
You claw Duvessa!
Duvessa is severely wounded.
You barely miss Duvessa.
Duvessa is severely wounded.
Duvessa hits you with a +0 rapier! Dowan hits you with a +0 dagger.
You scratch Duvessa.
Duvessa is severely wounded.
Duvessa hits you with a +0 rapier. Dowan closely misses you.
You barely miss Duvessa.
Duvessa is severely wounded.
Duvessa closely misses you. Dowan hits you with a +0 dagger.
You scratch Duvessa.
Duvessa is almost dead.
Duvessa hits you with a +0 rapier.
Dowan casts a spell.
Dowan blinks!
You scratch Duvessa.
Duvessa is almost dead.
Duvessa hits you but does no damage.
You barely miss Duvessa.
Duvessa is almost dead.
Duvessa hits you with a +0 rapier.
You barely miss Duvessa.
Duvessa is almost dead.
Duvessa hits you with a +0 rapier!
* * * LOW HITPOINT WARNING * * *
Dowan hits you with a +0 dagger.
* * * LOW HITPOINT WARNING * * *
It was a potion of curing.
You feel better. Duvessa hits you with a +0 rapier!
You die...

.#####....)## #.###### #.#.. .#
#.......## #......# #.#.<
.###.........####...##.######....
...+.........'...................
.###.........####..†##..#######..
.# ##.......###.........# #.... #
##.....## #.#######.# #.###
##...## #e#....⌠#.# #.# ##+#
#.he...8#.# #.# #.#....⌠#.# #.#
#.######.##+#+##.## #.#
#........# #..####.#
###...#####.# #.......### ####8##
###.#######..####.#.. ##.....##
#............# #.#.#
....#8..##....###.######## #....
######...##### #.# ###.#


You could see Duvessa and Dowan.

Vanquished Creatures
  An ogre (D:4)
  A howler monkey (D:4)
  2 orc priests (D:4)
  A hound (D:4)
  4 adders
  4 worms
  A dart slug (D:3)
  3 orcs
  3 ball pythons
  3 bats
  5 endoplasms
  6 giant cockroaches
  5 goblins
  4 hobgoblins
  11 jackals
  7 kobolds
  5 quokkas
  3 frilled lizards
  6 rats
75 creatures vanquished.

Notes
Turn   | Place    | Note
-------+----------+-------------------------------------------
     0 | D:1      | CraigForest the Troll Shapeshifter began the quest for the
                  | Orb.
     0 | D:1      | Reached XP level 1. HP: 18/18 MP: 0/0
   117 | D:1      | Reached XP level 2. HP: 26/26 MP: 1/1
   616 | D:2      | Reached XP level 3. HP: 32/32 MP: 2/2
   910 | D:2      | Found a glowing silver altar of Zin.
  1267 | D:3      | Reached XP level 4. HP: 40/40 MP: 3/3
  1276 | D:3      | Reached skill level 4 in Unarmed Combat
  1952 | D:4      | Reached skill level 1 in Fighting
  1960 | D:4      | Reached XP level 5. HP: 43/48 MP: 4/4
  2026 | D:4      | Found a sacrificial altar of Ru.
  2026 | D:4      | Found an ancient bone altar of Kikubaaqudgha.
  2060 | D:4      | Noticed an ogre
  2062 | D:4      | Killed an ogre
  2063 | D:4      | Reached skill level 5 in Unarmed Combat
  2067 | D:4      | Reached XP level 6. HP: 54/55 MP: 5/5
  2431 | D:4      | Noticed Duvessa
  2431 | D:4      | Noticed Dowan
  2443 | D:4      | HP: 2/55 [Dowan/+0 dagger (4)]
  2444 | D:4      | Slain by Duvessa

Illustrated notes

Levels and vault maps discovered:
D:1:      amcnicky_arrival_abandoned_market, layout_basic, due_unseen_surprise
D:2:      layout_loops_ring, basic_altar, nicolae_wormholes
D:3:      layout_loops_ring
D:4:      dreamdust_elfheim, layout_loops_corners,
          nicolae_overflow_two_pavilions, hangedman_decor_clover_reticule,
          grunt_ministairs_8

Skill      XL: |  1  2  3  4  5 |
---------------+----------------+-----
Unarmed Combat | 4 5 |  5.7
Fighting       | 1 |  1.2
Dodging        | 2 |  2.2
Shapeshifting  | 4 |  4.0

Action                     |  1- 3 |  4- 6 || total
---------------------------+-------+-------++-------
  Melee: Unarmed           |    82 |    90 ||   172
         Punch             |       |     1 ||     1
    Use: Potion            |       |     1 ||     1
   Stab: Sleeping          |       |     1 ||     1
 Armour: Animal skin       |     6 |       ||     6
         Robe              |    16 |    22 ||    38
  Dodge: Dodged            |    32 |    29 ||    61

Table legend: (Time is in decaauts)
 A = Elapsed time spent in this place.
 B = Non-inter-level travel time spent in this place.
 C = Inter-level travel time spent in this place.
 D = Time resting spent in this place.
 E = Time spent auto-exploring this place.
 F = Levels seen in this place.
 G = Mean time per level.
                   A        B        C        D        E       F      G
               +--------+--------+--------+--------+--------+-----+--------+
         Total |   2428 |   2197 |    231 |      0 |   1791 |   4 |  607.0 |
       Dungeon |   2428 |   2197 |    231 |      0 |   1791 |   4 |  607.0 |
               +--------+--------+--------+--------+--------+-----+--------+

Top non-repeatable levels by time:
     D:2: 697 daAuts
     D:3: 647 daAuts
     D:4: 556 daAuts
     D:1: 527 daAuts
